Cogmind - Beta 16 @@@ ROGUE MODE // 2025.11.16 @ 05:19:44 Player: Thesoulkiller104 Result: Destroyed by WW-B7N(R) with Subdweller Laser Performance ------------- Evolutions (0) 0 Regions Visited (3) 600 Robots Destroyed (13) 65 Value Destroyed (416) 416 Prototype IDs (0) 0 Alien Tech Used (0) 0 Bonus (0) 0 TOTAL SCORE: 1081 Bonus ------- None Cogmind --------- Core Integrity 0/250 Matter 299/300 Energy 97/100 System Corruption 0% Temperature Cool (6) Movement Walking (120) Location -10/Subcaves Parts ------- > --- POWER (1) -------- (None) > --- PROPULSION (2) --- Aluminum Leg > --- UTILITY (2) ------ Sensor Array Signal Interpreter > --- WEAPON (2) ------- Particle Gun Assault Rifle > --- INVENTORY (5) ---- Ion Engine Aluminum Leg Improved Heat Sink Small Storage Unit Large Matter Pod (112) Peak State ------------ > --- POWER ------------ Light Nuclear Core > --- PROPULSION ------- Aluminum Leg Aluminum Leg > --- UTILITY ---------- Sensor Array Signal Interpreter > --- WEAPON ----------- Particle Gun Assault Rifle > --- INVENTORY -------- Ion Engine Ion Engine Aluminum Leg Heat Sink Small Storage Unit [Rating: 10] Favorites ----------- Power Light Nuclear Core Engine Ion Engine Power Core Light Nuclear Core Propulsion Aluminum Leg Leg Aluminum Leg Utility Signal Interpreter Device Sensor Array Storage Small Storage Unit Processor Signal Interpreter Weapon Assault Rifle Energy Gun Particle Gun Ballistic Gun Assault Rifle Special Weapon Mining Laser Build | -11 -10 -10 -10 ------- Run | Yrd Mat Min Sub Slots Evolved . | . . . . Power . | . . . . Propulsion . | . . . . Utility . | . . . . Weapon . | . . . . Parts Attached 17 | 5 8 4 . Power 2 | 1 . 1 . Engine 1 | 1 . . . Core 1 | . . 1 . Reactor . | . . . . Propulsion 4 | 2 . 2 . Treads . | . . . . Leg 4 | 2 . 2 . Wheel . | . . . . Hover . | . . . . Flight . | . . . . Utility 5 | . 5 . . Device 3 | . 3 . . Storage 1 | . 1 . . Processor 1 | . 1 . . Hackware . | . . . . Protection . | . . . . Artifact . | . . . . Weapon 6 | 2 3 1 . Energy Gun 1 | . . 1 . Energy Cannon . | . . . . Ballistic Gun 3 | 2 1 . . Ballistic Cannon . | . . . . Launcher . | . . . . Special Weapon 2 | . 2 . . Impact Weapon . | . . . . Slashing Weapon . | . . . . Piercing Weapon . | . . . . Special Melee Weapon . | . . . . Unidentified Prototypes . | . . . . Parts Lost 5 | . 1 2 2 Power 1 | . . . 1 Propulsion 3 | . . 2 1 Utility 1 | . 1 . . Weapon . | . . . . Highest Loss Streak 2 | . 1 1 2 To Critical Strikes . | . . . . Average Backups 4 | . 4 5 5 Power . | . . 1 1 Propulsion 1 | . 1 . 1 Utility 2 | . . 2 3 Weapon . | . 2 . . Tool/Special . | . . . . Unused Backups 7 | . 3 . 4 Power 1 | . . . 1 Propulsion 3 | . 2 . 1 Utility 2 | . . . 2 Weapon 1 | . 1 . . Tool/Special . | . . . . Average Slot Usage (%) 97 | . 93 99 98 Engine 5 | . 14 1 . Core 8 | . . 12 12 Leg 27 | . 28 27 27 Device 11 | . 8 12 14 Storage 4 | . 12 1 . Processor 9 | . . 14 14 Energy Gun 9 | . . 13 14 Ballistic Gun 18 | . 26 14 14 Peak Build Rating 10 | 5 7 10 10 Average Rating 8 | 4 6 9 9 On Entrance 5 | . 5 7 10 Avg Prop Armor Cover (%) . | . . . . Naked Turns . | . . . . Heaviest Build 15 | 9 15 15 11 Greatest Support 20 | 20 20 20 20 Greatest Overweight (x) 1 | 1 . 1 . Average Overweight (x) . | . . . . Largest Inventory Capacity 8 | 5 8 8 5 Average Capacity 5 | 5 7 5 5 Most Carried 8 | 2 8 6 5 Average Carried 4 | . 5 4 5 Final Capacity 5 | 5 5 5 5 Final Carried 5 | 2 5 5 5 Class Distribution -------------------- 100% | Mutant Dominant Class ---------------- Mutant | -10/Materials Mutant | -10/Mines Mutant | -10/Subcaves Resources | -11 -10 -10 -10 ----------- Run | Yrd Mat Min Sub Matter Collected 737 | 169 268 258 42 Remotely . | . . . . Salvage Created 465 | . 244 221 . Parts 19 | . 9 10 . Haulers Intercepted . | . . . . Recyclers Shooed . | . . . . Parts Field Recycled . | . . . . Retrieved Matter . | . . . . Parts Self-Destructed . | . . . . Prevented . | . . . . Parts Restored . | . . . . Kills | -11 -10 -10 -10 ------- Run | Yrd Mat Min Sub Combat Hostiles Destroyed 13 | . 6 7 . Guns 13 | . 6 7 . Classes Destroyed 2 | . 1 1 . Swarmer 3 | . . 3 . Grunt 10 | . 6 4 . Best Kill Streak 4 | . 3 4 . Combat Bots Only 4 | . 3 4 . Max Kills in Single Turn 1 | . 1 1 . Gunslinging . | . . . . Exploded . | . . . . Melee . | . . . . Uniques/NPCs Destroyed . | . . . . Combat | -11 -10 -10 -10 -------- Run | Yrd Mat Min Sub Hostile Shots Fired 103 | . 26 71 6 Missed 28 | . 8 17 3 Hits 75 | . 18 54 3 Projectile 75 | . 18 54 3 Critical Strikes 2 | . . 2 . Damage Taken 939 | . 196 677 66 Core 251 | . 79 152 20 Absorbed by Shields . | . . . . Core Remaining (%) 100 | 100 . . . Volleys Fired 51 | . 21 28 2 Largest 2 | . 2 2 2 Hottest 100 | . 100 85 85 Shots Fired 101 | . 41 56 4 Gun 100 | . 40 56 4 Cannon . | . . . . Launcher . | . . . . Special 1 | . 1 . . Kinetic 82 | . 40 40 2 Thermal 19 | . 1 16 2 Explosive . | . . . . Electromagnetic . | . . . . Robot Hit Streak 8 | . 8 6 1 Robot Miss Streak 3 | . 3 2 1 Penetration Max . | . . . . Secondary Targets 2 | . . 2 . Max Gunslinging Chain 1 | . . 1 . Shots Hit Robots 67 | . 27 38 2 Core Hits 26 | . 13 12 1 Critical Kills . | . . . . Critical Parts Destroyed . | . . . . Critical Strikes . | . . . . Melee Attacks . | . . . . Impact . | . . . . Slashing . | . . . . Piercing . | . . . . Sneak Attacks . | . . . . Combat Hostiles . | . . . . Follow-up Attacks . | . . . . Damage Inflicted 889 | . 357 507 25 Guns 885 | . 353 507 25 Cannons . | . . . . Explosions . | . . . . Melee . | . . . . Ramming 4 | . 4 . . Kinetic 694 | . 353 316 25 Thermal 191 | . . 191 . Explosive . | . . . . Electromagnetic . | . . . . Impact . | . . . . Slashing . | . . . . Piercing . | . . . . Highest Corruption . | . . . . Average Corruption . | . . . . Corruption Purged . | . . . . Corruption Blocked . | . . . . Overload Shots . | . . . . Overflow Damage . | . . . . Projectiles . | . . . . Explosions . | . . . . Melee . | . . . . Knockbacks . | . . . . Impact . | . . . . Kinetic . | . . . . Secondary . | . . . . Self-Inflicted Damage . | . . . . Shots . | . . . . Rammed . | . . . . Targets Rammed 2 | . 2 . . Kicked 2 | . 2 . . Crushed . | . . . . Highest Temperature 240 | . . 240 . Average Temperature 66 | . . 66 . Received Heat Transfer 489 | . 108 363 18 Siege Activations . | . . . . Martial Activations . | . . . . Shielding Activations . | . . . . Robots Disrupted . | . . . . Combat Hostiles . | . . . . Robots Corrupted . | . . . . Combat Hostiles . | . . . . Parts Fried . | . . . . Impact Corruptions . | . . . . Robots Melted . | . . . . Combat Hostiles . | . . . . Parts Melted 2 | . . 2 . Heat Transferred 444 | . . 444 . Parts Sabotaged . | . . . . Parts Stolen . | . . . . Parts Stripped . | . . . . Power Chain Reactions . | . . . . Alert | -11 -10 -10 -10 ------- Run | Yrd Mat Min Sub Maximum Alert Level . | . . . . Low Security (%) 100 | 100 100 100 . Level 1 . | . . . . Level 2 . | . . . . Level 3 . | . . . . Level 4 . | . . . . Level 5 . | . . . . High Security . | . . . . Max Security . | . . . . Peak Influence 67 | . 67 60 . Initial 8 | . . 8 . Average 13 | . 19 11 . Influence Increases 378 | . 173 205 . Destroy 0b10 Robot/C 260 | . 120 140 . Destroy Leader 50 | . 20 30 . Successful Hack 8 | . 3 5 . Disable Machine 30 | . 30 . . Lose Combat Pursuer 30 | . . 30 . Influence Decreases 378 | . 151 227 . Entered New Map 14 | . . 14 . Time Decay 344 | . 141 203 . Lost Part 20 | . 10 10 . Squads Dispatched 2 | . 2 . . Investigation 1 | . 1 . . Extermination . | . . . . Reinforcement 1 | . 1 . . Assault . | . . . . Garrison . | . . . . Intercept . | . . . . Searches Triggered . | . . . . Construction Impeded . | . . . . Haulers Reinforced . | . . . . Active Scanning Responses . | . . . . Cargo Convoy Interrupts . | . . . . Stealth | -11 -10 -10 -10 --------- Run | Yrd Mat Min Sub Distress Signals . | . . . . Communications Jammed . | . . . . Distress Signals . | . . . . Times Spotted 23 | . 12 9 2 Peak Tracking Total 4 | . 4 4 2 Tactical Retreats 1 | . . 1 . Traps | -11 -10 -10 -10 ------- Run | Yrd Mat Min Sub Traps Triggered 1 | . 1 . . Indirectly . | . . . . Trap Hack Attempts . | . . . . Triggered . | . . . . Disarmed . | . . . . Reprogrammed . | . . . . Reused . | . . . . Traps Extracted . | . . . . Installed . | . . . . Triggered . | . . . . Machines | -11 -10 -10 -10 ---------- Run | Yrd Mat Min Sub Machines Disabled 2 | . 2 . . Max in Single Turn 1 | . 1 . . Machines Repaired . | . . . . Machines Dismantled . | . . . . Machines Sabotaged . | . . . . Overloaded Fab Kills . | . . . . Hacking | -11 -10 -10 -10 --------- Run | Yrd Mat Min Sub Machines Accessed 3 | . 1 2 . Terminals 1 | . . 1 . Fabricators . | . . . . Repair Stations . | . . . . Recycling Units 1 | . 1 . . Scanalyzers . | . . . . Garrison Access . | . . . . Total Hacks 6 | . 1 5 . Successful 4 | . 1 3 . Failed 2 | . . 2 . Catastrophic . | . . . . Database Lockouts . | . . . . Manual 2 | . 1 1 . Terminals 4 | . . 4 . Fabricators . | . . . . Repair Stations . | . . . . Recycling Units 1 | . 1 . . Scanalyzers . | . . . . Garrison Access . | . . . . Terminal Hacks 3 | . . 3 . Record 1 | . . 1 . Open Door 1 | . . 1 . Zone Layout 1 | . . 1 . Fabricator Hacks . | . . . . Repair Station Hacks . | . . . . Recycling Unit Hacks . | . . . . Scanalyzer . | . . . . Garrison Access Hacks . | . . . . Unauthorized Hacks 1 | . 1 . . Terminals . | . . . . Fabricators . | . . . . Repair Stations . | . . . . Recycling Units 1 | . 1 . . Reject 1 | . 1 . . Scanalyzers . | . . . . Garrison Access . | . . . . Data Cores Recovered . | . . . . Used . | . . . . Hacking Detections 1 | . . 1 . Full Trace Events . | . . . . Feedback Events . | . . . . Feedback Blocked . | . . . . Robot Schematics Acquired . | . . . . Robots Built . | . . . . Authchips . | . . . . Time . | . . . . Total Robot Build Rating . | . . . . Part Schematics Acquired . | . . . . Parts Built . | . . . . Authchips . | . . . . Time . | . . . . Total Part Build Rating . | . . . . Part Studies Acquired . | . . . . Parts Repaired . | . . . . Time . | . . . . Parts Recycled . | . . . . Recycled Matter . | . . . . Retrieved Matter . | . . . . Retrieved Components . | . . . . Parts Scanalyzed . | . . . . Part Schematics Acquired . | . . . . Parts Damaged . | . . . . Bothacking | -11 -10 -10 -10 ------------ Run | Yrd Mat Min Sub Used RIF Installer . | . . . . Robots Hacked . | . . . . Non-combat . | . . . . Combat . | . . . . Robot Hacks Applied . | . . . . Relay Couplers Released . | . . . . Fabnet Peak Effective % . | . . . . Robots Rewired . | . . . . Allies Hacked . | . . . . Hacks Repelled . | . . . . Allies | -11 -10 -10 -10 -------- Run | Yrd Mat Min Sub Total Allies 2 | . . 2 . Largest Group 2 | . . 2 2 Highest-Rated Group 45 | . . 45 45 Highest-Rated Ally 31 | . . 31 31 Total Orders . | . . . . Ally Attacks 3 | . . . 3 Total Damage 40 | . . . 40 Kills . | . . . . Allies Corrupted . | . . . . Allies Melted . | . . . . Intel | -11 -10 -10 -10 ------- Run | Yrd Mat Min Sub Active Infowar (turns) 1325 | . 87 917 321 Sensors 1325 | . 87 917 321 Robot Analysis Total . | . . . . Derelict Logs Recovered 1 | . . 1 . Drone Launches . | . . . . Drone Recoveries . | . . . . Exploration | -11 -10 -10 -10 ------------- Run | Yrd Mat Min Sub Turns Passed 2020 | 75 601 1023 321 Spaces Moved 1270 | 41 330 688 211 Core 8 | 8 . . . Treads . | . . . . Legs 1262 | 33 330 688 211 Wheels . | . . . . Hover . | . . . . Flight . | . . . . Fastest Speed 50 | 50 120 120 120 Average Speed 119 | 107 120 120 120 Slowest Speed 190 | 120 120 190 120 Overloaded Moves . | . . . . Propulsion Burnouts . | . . . . Robots Hopped . | . . . . Potential Cave-ins . | . . . . Cave-ins Triggered . | . . . . Exploration Rate (%) 34 | 5 24 97 11 Regions Visited 3 Branch Regions 2 Pre-discovered Areas . | . . . . Known Exits Taken 2 | . 1 1 . Unknown Exits Taken 1 | 1 . . . Scrap Searched 2 | . . 2 . Spaces Dug . | . . . . Terrain Destroyed . | . . . . Melee . | . . . . Projectile . | . . . . AOE . | . . . . Terrain Rammed . | . . . . Walls Destroyed . | . . . . Machines Disabled . | . . . . Actions | -11 -10 -10 -10 --------- Run | Yrd Mat Min Sub Total 1662 | 72 491 824 275 Wait 288 | 20 114 92 62 Move 1267 | 40 329 687 211 Hop . | . . . . Pick Up 24 | 7 11 6 . Fast Attach . | . . . . Attach 10 | 5 3 2 . Detach . | . . . . Swap 11 | . 6 5 . Drop 9 | . 5 4 . Fire 51 | . 21 28 2 Melee . | . . . . Ram . | . . . . Kick 2 | . 2 . . Crush . | . . . . Escape Stasis . | . . . . Rewire . | . . . . Trap . | . . . . Miscellaneous . | . . . . Route ------- -11/Scrapyard -10/Materials -10/Mines (discovered 3 exits: *Mat x2 / *Sub) -10/Subcaves History --------- Turn | Location | Event 4 | -11/Scrapyard | Discovered new exit (range 15) 76 | -11/Scrapyard | Entered Materials 311 | -10/Materials | Discovered new exit (range 7) 316 | -10/Materials | Build established: Mutant 675 | -10/Materials | Identified exit to Mines 677 | -10/Materials | Entered Mines 711 | -10/Mines | Core integrity fell below 50% 752 | -10/Mines | Core integrity fell below 20% 863 | -10/Mines | Learned 2 Materials zone layouts 1148 | -10/Mines | Discovered new exit (range 12) 1196 | -10/Mines | Identified exit to Materials 1275 | -10/Mines | Discovered new exit (range 9) 1283 | -10/Mines | Identified exit to Subcaves 1335 | -10/Mines | Met a Derelict who couldn't figure out how to use a Trap Extractor 1490 | -10/Mines | Discovered exit to Materials (range 6) 1700 | -10/Mines | Entered Subcaves 1700 | -10/Subcaves | Accompanied by 2 allies 1701 | -10/Subcaves | Approached by a straggling Scientist 1705 | -10/Subcaves | Led the pair of lost Derelicts to an unsafe place 1890 | -10/Subcaves | Lost 3 allies 1959 | -10/Subcaves | Shifting Twisted Machinery released Sub. Beam Cannon 1961 | -10/Subcaves | Shifting Twisted Machinery released Spk. Treads 2021 | -10/Subcaves | Destroyed by WW-B7N(R) with Subdweller Laser Last Messages --------------- 01704_ XV-VI8(c): "Hey, let me tag along and I can get us both out of this nasty situation. At least I think I can... The group I got separated from was talking about a shortcut back to the UFD." 01705_ CQ-HUQ(g): "This place looks worse than where we left..." 01710_ CQ-HUQ(g): "Following you was a bad idea, I think." XV-VI8(c): "I think it's somewhere northwest of here" 01759_ IW-8J0(O) collects matter. 01795_ IW-8J0(O) puts together Flamer. XV-VI8(c): "I think it's somewhere northwest of here" 01803_ C0-A53(u) tweaks Twisted Machinery. 01824_ Acquired 7 matter. 01827_ Acquired 13 matter. 01836_ Acquired 12 matter. 01840_ Acquired 10 matter. XV-VI8(c): "I think it's somewhere north of here" 01887_ Subatomizers dissect the Mak. Power Source. 01912_ C0-A53(u) tweaks Twisted Machinery. Sub. Beam Cannon falls loose from the Twisted Machinery. Spk. Treads falls loose from the Twisted Machinery. 01997_ Lgt. Nuclear Core destroyed. 02019_ Aluminum Leg destroyed. Map ----- +----------------------------------------------------+ | ?????????????????????????????????????????????????? | | ?????????????????????????????????????????????????? | | ?????????????????????????????????????????????????? | | ?????????????????????????????????????????????????? | | ?????????????????????????????????????????????????? | | ?????????????????????????????????????????????????? | | ?????????????????????????????????????????????????? | | ?????????????????????????????????????????????????? | | ????????????????????????????????????????????####?? | | ?????????????????????????????????????????### ??? | | ????????????????????????????????####???? ???? | | ???????????????????????????????## ##?? #????? | | ?????????????????????????????### ### # #??? | | ?????????????????????????????# ???? | | #????????????????????????????# " ?????? | | #????????????????????????????# ""???????? | | ?####?????????????????????????# ???#???#?? | | ## ###????####??????????????????# ##?? ## #?? | | ## " #??### ##????????????????## ## ##? | | ## "" #### #???????????????## " #? | | " ""##" #???????????????# "" " #?? | | " " ####???????????????# "= # ###"" ?? | | ""| ##?????????????????#### " ### ####"#?? | | "#### ##????######????####### #?????? | | ##?## #???## ###### ## # ""#?????? | | "### ####?# @ R " """""#????? | | ## ## ### R """""""""????? | | ## ## # ### ##" """""????? | | ##########?###?##" #????? | | # ## # # ##????????????????] #?????? | | #######################?????????????????####?????? | | ?????????????????????????????????????????????????? | | ?????????????????????????????????????????????????? | | ?????????????????????????????????????????????????? | | ?????????????????????????????????????????????????? | | ?????????????????????????????????????????????????? | | ?????????????????????????????????????????????????? | | ?????????????????????????????????????????????????? | | ?????????????????????????????????????????????????? | | ?????????????????????????????????????????????????? | | ?????????????????????????????????????????????????? | | ?????????????????????????????????????????????????? | | ?????????????????????????????????????????????????? | | ?????????????????????????????????????????????????? | | ?????????????????????????????????????????????????? | | ?????????????????????????????????????????????????? | | | | | | | | | +----------------------------------------------------+ Best States ------------- Heat Dissipation 35 Energy Generation 14 Energy Capacity 250 Matter Stores 300 Matter Capacity 300 Sight Range 16 Robot Scan Range 14 Terrain Scan Density 10 Evasion (%) 55 Item Schematics ----------------- None Robot Schematics ------------------ None Fabricated ------------ Nothing Repaired ---------- Nothing Studied --------- None Alien Tech Used ----------------- None Achievements -------------- None Challenges ------------ None Game ------ Seed RemoteDroneFalx Manual? 0 Play Time 00:17:06 Cumulative 40.2 hours Start 2025.11.16 @ 05:04:54 End 2025.11.16 @ 05:19:44 Sessions 1 Manual Loads 0 Difficulty Rogue Special Mode None Game No. 38 Rogue 13 Adventurer 18 Explorer 7 Win Type - Total 1 Types 1/0/0/0/0/0/0/0/0/0 Lore% 14 Gallery% 24 Achievement% 20 Wizard Run 0 Options --------- Layout 0 ASCII 0 Keyboard 1 Movement Numpad Keybinds 0 Fullscreen 1 Font 24/Smallcaps Map View 113x50 Zoom Use 19% Tactical HUD 1 Map Filters NONE Filters NONE Steam 1 RUN: 6f38f958-82f2-4135-ab23-b326ab4d44e3